 Dungeon Crawl Stone Soup version 0.30-a0-718-geaa24f58ff (webtiles) character file.

Game seed: 17875484367314648571

34 lesbiats the Conjurer (level 3, 0/28 HPs)
             Began as a Draconian Conjurer on Jan 26, 2023.
             Slain by Robin
             ... wielding a +2 dagger of speed
              (3 damage)
             ... on level 2 of the Dungeon.
             The game lasted 00:03:38 (1608 turns).

lesbiats the Conjurer (Draconian Conjurer)          Turns: 1608, Time: 00:03:38

Health: 0/28       AC:  5    Str:  9    XL:     3   Next: 14%
Magic:  1/6        EV: 12    Int: 20    God:
Gold:   62         SH:  0    Dex:  9    Spells: 1/7 levels left

rFire   . . .      SeeInvis .    d - +2 short sword (elec)
rCold   . . .      Faith    .    (no shield)
rNeg    . . .      Spirit   .    (body armour unavailable)
rPois   .          Reflect  .    (helmet restricted)
rElec   .          Harm     .    (no cloak)
rCorr   .          Rampage  .    (no gloves)
Will    .....                    (no boots)
Stlth   ++                       (no amulet)
HPRegen 0.24/turn                (no ring)
MPRegen 0.10/turn                (no ring)

@: mighty, very slightly contaminated
A: AC +5, unfitting armour, cold-blooded
a: no special abilities


You were on level 2 of the Dungeon.
You visited 1 branch of the dungeon, and saw 2 of its levels.

You collected 62 gold pieces.

Inventory:

Hand Weapons
 b - a +1 short sword of speed
 d - a +2 short sword of electrocution (weapon)
Missiles
 h - 5 silver javelins
Scrolls
 c - a scroll of blinking {unknown}
 f - a scroll of immolation {unknown}
Potions
 a - a potion of magic
 e - a potion of curing {unknown}
 g - a potion of might


   Skills:
 + Level 1.1 Fighting
 + Level 2.1 Dodging
 - Level 1.7 Stealth
 * Level 2.6 Spellcasting
 + Level 4.2 Conjurations


You had one spell level left.
You knew the following spells:

 Your Spells              Type           Power      Damage    Failure   Level
a - Magic Dart            Conj           76%        1d6       2%          1
b - Searing Ray           Conj           38%        2d5       4%          2
c - Dazzling Flash        Conj/Hex       22%        N/A       19%         3

Your spell library contained the following spells:

 Spells                   Type           Power      Damage    Failure   Level
 Necrotise                Necr           8%         1d4       16%         1
 Portal Projectile        Hex/Tloc       4%         N/A       41%         3
 Tukima's Dance           Hex            2%         N/A       41%         3
 Vampiric Draining        Necr           2%         2d6       41%         3
 Fulminant Prism          Conj/Hex       5%         3d7       52%         4
 Iskenderun's Mystic Bla  Conj/Tloc      11%        2d4       52%         4
 Agony                    Necr           2%         N/A       99%         5
 Blade Hands              Tmut           1%         N/A       99%         5


Dungeon Overview and Level Annotations

Branches:
Dungeon (2/15)

Altars:

Annotations:
D:2 Robin


Innate Abilities, Weirdness & Mutations

Your plain brown scales are hard. (AC +5)
You cannot fit into any form of body armour.
You are cold-blooded and may be slowed by cold attacks.


Message History

The goblin hits you with a +0 dagger.
* * * LOW HITPOINT WARNING * * *
Robin hits you but does no damage.
You closely miss the goblin. You tail-slap the goblin.
You kill the goblin!
Robin throws the goblin at you!
You hit the goblin.
You kill the goblin!
Robin throws the goblin at you! The goblin barely misses you.
Items here: ))) †.
Robin attacks as you move away! Robin hits you but does no damage.
The goblin attacks as you move away! The goblin misses you.
Robin throws the goblin at you!
You hit the goblin. Lightning courses through the goblin!
You kill the goblin!
Things that are here:
a +0 club; 12 gold pieces Robin attacks as you move away!
Robin hits you with a +2 dagger of speed.
* * * LOW HITPOINT WARNING * * *
It was a potion of might.
You feel very mighty all of a sudden.
Robin hits you with a +2 dagger of speed.
* * * LOW HITPOINT WARNING * * *
Casting: Searing Ray (safe; 4% risk of failure)
Confirm with . or Enter, or press ? or * to list all spells.
Aiming: Searing Ray (safe; 4% risk of failure)
Press: ? - help, Shift-Dir - straight line, f/p - Robin
Aim: Robin, wielding a +2 dagger of speed, wearing a +0 animal skin and wearing a +0 helmet (84% to hit)
The searing ray hits Robin.
Robin is moderately wounded.
The searing ray hits the hobgoblin.
You kill the hobgoblin!
The searing ray hits the hobgoblin!
You kill the hobgoblin! (Press . to maintain the ray.)
You hear a shout!
Robin hits you with a +2 dagger of speed.
You die...

... #.#####.#
######.....<.#
#.).g?g.......#
#)###########.# #
#$# ##### .# # #)#
#...# # # #g# #...#
#
##@###...##########
#........'........'
######...##########
#...# # #...# #
#...# # ##### #
##############
#.............


You could see Robin.

Vanquished Creatures
  4 ball pythons
  An endoplasm (D:1)
  3 giant cockroaches
  8 hobgoblins
  A quokka (D:1)
  2 bats (D:1)
  A frilled lizard (D:1)
  6 goblins
  6 kobolds (D:1)
  3 rats
35 creatures vanquished.

Notes
Turn   | Place    | Note
-------+----------+-------------------------------------------
     0 | D:1      | lesbiats the Draconian Conjurer began the quest for the
                  | Orb.
     0 | D:1      | Reached XP level 1. HP: 14/14 MP: 3/3
   417 | D:1      | Reached XP level 2. HP: 22/22 MP: 3/5
   823 | D:1      | Found a faded altar of an unknown god.
  1159 | D:1      | Reached skill level 1 in Fighting
  1268 | D:2      | Noticed Robin
  1415 | D:2      | Learned a level 2 spell: Searing Ray
  1464 | D:2      | Reached XP level 3. HP: 28/28 MP: 0/6
  1523 | D:2      | Learned a level 3 spell: Dazzling Flash
  1608 | D:2      | Slain by Robin

Illustrated notes

Levels and vault maps discovered:
D:1:      tarquinn_simple_flora_water_c, layout_loops_corners,
          hellmonk_ecumenical_altar_crossroads
D:2:      layout_basic, uniq_robin

Skill      XL: |  1  2 |
---------------+-------+-----
Dodging        | 2 |  2.1
Fighting       | 1 |  1.1
Stealth        | |  1.7
Spellcasting   | |  2.6
Conjurations   | |  4.2

Action                     || total
---------------------------++-------
  Melee: Unarmed           ||    12
         Short sword       ||    14
         Tailslap          ||     4
   Cast: Magic Dart        ||    55
         Searing Ray       ||     1
    Use: Potion            ||     1
   Stab: Distracted        ||     1
 Armour: Skin              ||    15
  Dodge: Dodged            ||    27

Table legend: (Time is in decaauts)
 A = Elapsed time spent in this place.
 B = Non-inter-level travel time spent in this place.
 C = Inter-level travel time spent in this place.
 D = Time resting spent in this place.
 E = Time spent auto-exploring this place.
 F = Levels seen in this place.
 G = Mean time per level.
                   A        B        C        D        E       F      G
               +--------+--------+--------+--------+--------+-----+--------+
         Total |   1610 |   1504 |    106 |    258 |   1018 |   2 |  805.0 |
       Dungeon |   1610 |   1504 |    106 |    258 |   1018 |   2 |  805.0 |
               +--------+--------+--------+--------+--------+-----+--------+

Top non-repeatable levels by time:
     D:1: 1343 daAuts
     D:2: 266 daAuts
